 Dungeon Crawl Stone Soup version 0.31.0-11-ge490571c62 (webtiles) character file.

Game seed: 13703936525988985786

144 qw the Skirmisher (level 5, -4/29 HPs)
             Began as a Deep Elf Hunter on Feb 3, 2024.
             Slain by Terence
             ... wielding a +0 flail
              (10 damage)
             ... on level 3 of the Dungeon.
             The game lasted 00:00:11 (1698 turns).

qw the Skirmisher (Deep Elf Hunter)                 Turns: 1698, Time: 00:00:12

Health: -4/29      AC:  8    Str: 10    XL:     5   Next: 5%
Magic:  7/7        EV: 11    Int: 14    God:
Gold:   44         SH:  0    Dex: 24    Spells: 4/4 levels left

rFire   . . .        a - +0 shortbow
rCold   . . .        (shield currently unavailable)
rNeg    . . .        f - +0 ring mail
rPois   .            m - +1 helmet {SInv}
rElec   .            (no cloak)
rCorr   .            (no gloves)
SInv    +            e - +0 pair of boots
Will    .....        (no amulet)
Stlth   ++           j - +6 ring of dexterity
HPRegen 0.24/turn    (no ring)
MPRegen 0.10/turn

%: no passive effects
@: no status effects
A: no striking features
a: no special abilities


You were on level 3 of the Dungeon.
You visited 1 branch of the dungeon, and saw 3 of its levels.

You collected 159 gold pieces.
You spent 115 gold pieces at shops.


   Skills:
 - Level 1.5 Fighting
 - Level 8.4 Ranged Weapons
 + Level 2.5 Dodging
 - Level 1.2 Stealth


You had 4 spell levels left.
You didn't know any spells.
Your spell library was empty.

Inventory:

Hand Weapons
 a - a +0 shortbow (weapon)
Armour
 e - a +0 pair of boots (worn)
 f - a +0 ring mail (worn)
 m - a +1 helmet of see invisible (worn)
Jewellery
 j - a +6 ring of dexterity (left hand)
Potions
 h - a potion of might {unknown}
 i - a potion of lignification {unknown}

Dungeon Overview and Level Annotations

Branches:
Dungeon (3/15)

Altars:

Shops:
D:2 [

Annotations:
D:3 Terence


Message History

The arrow hits Terence but does no damage.
Terence is moderately wounded.
Terence shouts, "Get ready for death!"
Terence hits you with a +0 flail.
You shoot an arrow. The arrow closely misses Terence.
Terence barely misses you.
You shoot an arrow.
The arrow hits Terence but does no damage.
Terence is moderately wounded.
Terence closely misses you.
You shoot an arrow. The arrow barely misses Terence.
The arrow barely misses the orc.
Terence barely misses you.
You shoot an arrow.
The arrow hits Terence but does no damage.
Terence is moderately wounded.
Terence hits you but does no damage. Terence hits you with a +0 flail.
You shoot an arrow. The arrow hits Terence.
Terence is heavily wounded.
Terence barely misses you.
You shoot an arrow. The arrow barely misses Terence.
The arrow closely misses the orc.
Terence hits you with a +0 flail.
You shoot an arrow.
The arrow hits Terence but does no damage.
Terence is heavily wounded.
Terence shouts, "ATTACK!!!"
Terence hits you with a +0 flail.
You shoot an arrow. The arrow barely misses Terence.
The arrow hits the orc.
The orc is lightly wounded.
Terence hits you with a +0 flail!
You shoot an arrow. The arrow hits Terence!
Terence is severely wounded.
Terence barely misses you.
You shoot an arrow.
The arrow hits Terence but does no damage.
Terence is severely wounded.
Terence hits you with a +0 flail!
You die...
Terence says, "That felt goooood."

#.........# #.#######
###....)....####......#
#.................###.#
#............##...#...
#...########......#.##
#...# #.:%....... #...#
#####..##...... #####
#........######
#....#.@.# #....#.#@#
#....#.#Ko#
#....#g.....
#....####.### #....# ..
#..... ..# ...


You could see Terence, an orc, a goblin and a kobold.

Vanquished Creatures
  A scorpion (D:3)
  4 adders
  A gnoll (D:1)
  2 dart slugs
  A ribbon worm (D:2)
  An orc (D:2)
  A bat (D:3)
  2 endoplasms
  2 giant cockroaches
  2 goblins
  2 hobgoblins
  4 jackals (D:2)
  4 kobolds
  A quokka (D:3)
  3 ball pythons
  A frilled lizard (D:1)
  3 rats (D:1)
35 creatures vanquished.

Notes
Turn   | Place    | Note
-------+----------+-------------------------------------------
     0 | D:1      | qw the Deep Elf Hunter began the quest for the Orb.
     0 | D:1      | Reached XP level 1. HP: 12/12 MP: 3/3
     0 | D:1      | 0 ||| qw: Version: 0.3-a-155-g5e7d8dd
     0 | D:1      | 0 ||| qw: Game counter: 3275
     0 | D:1      | 0 ||| qw: Melee chars always use a shield: true
     0 | D:1      | 0 ||| qw: God list: Okawaru
     0 | D:1      | 0 ||| qw: Allow faded altars: false
     0 | D:1      | 0 ||| qw: Do Orc after clearing Dungeon:15 true
     0 | D:1      | 0 ||| qw: Do second Lair branch before Depths: true
     0 | D:1      | 0 ||| qw: Lair rune preference: random
     0 | D:1      | 0 ||| qw: Goals: Normal
     0 | D:1      | 0 ||| PLANNING D:1-11
    72 | D:1      | Reached skill level 6 in Ranged Weapons
    72 | D:1      | Reached XP level 2. HP: 16/16 MP: 4/4
   127 | D:1      | Found a faded altar of an unknown god.
   495 | D:1      | 495 ||| UPGRADING to +0 pair of boots.
   500 | D:1      | 500 ||| READING scroll labelled IHYCWEDD ZIYKHLEK.
   501 | D:1      | 501 ||| READING scroll labelled HIASACK HEKI.
   501 | D:1      | 501 ||| IDENTIFYING emerald potion
   502 | D:1      | 502 ||| DROPPING scroll of butterflies.
   619 | D:2      | Reached XP level 3. HP: 15/20 MP: 5/5
   619 | D:2      | 619 ||| FLEEEEING.
   623 | D:2      | 623 ||| FLEEEEING.
   641 | D:2      | 641 ||| FLEEEEING.
   860 | D:2      | Reached skill level 7 in Ranged Weapons
  1035 | D:2      | Found Ficaiki's Armour Boutique.
  1044 | D:2      | 1044 ||| BUYING +0 helmet of see invisible (115 gold).
  1044 | D:2      | Bought a +0 helmet of see invisible for 115 gold pieces
  1180 | D:2      | 1180 ||| UPGRADING to +0 ring mail.
  1190 | D:2      | 1190 ||| DROPPING +0 leather armour.
  1191 | D:2      | 1191 ||| UPGRADING to +0 helmet of see invisible.
  1196 | D:2      | 1196 ||| UPGRADING to +6 ring of dexterity.
  1197 | D:2      | 1197 ||| READING scroll labelled EGIOM GIWNA.
  1197 | D:2      | 1197 ||| ENCHANTING +0 helmet of see invisible.
  1198 | D:2      | 1198 ||| READING scroll labelled JIYV SAXONG.
  1199 | D:2      | 1199 ||| READING scroll labelled OTEAMA HADWE.
  1300 | D:2      | 1300 ||| READING scroll labelled PUFRYL CIARGH.
  1318 | D:3      | 1318 ||| PLANNING SEWER
  1343 | D:3      | Reached XP level 4. HP: 25/25 MP: 6/6
  1513 | D:3      | Noticed a scorpion
  1514 | D:3      | 1514 ||| DRINKING potion of haste.
  1523 | D:3      | HP: 6/25 [quokka (1)]
  1525 | D:3      | Killed a scorpion
  1526 | D:3      | Reached skill level 8 in Ranged Weapons
  1526 | D:3      | Reached XP level 5. HP: 6/29 MP: 7/7
  1528 | D:3      | HP: 2/29 [poisoned by a scorpion]
  1684 | D:3      | Noticed Terence
  1696 | D:3      | HP: 6/29 [Terence/+0 flail (10)]
  1698 | D:3      | Slain by Terence

Levels and vault maps discovered:
D:1:      wander_arrival_abandoned_jail, layout_basic,
          hellmonk_ecumenical_altar_pennies_from_heaven
D:2:      layout_basic, serial_shops, shop
D:3:      layout_basic, portal_sewer_entry_d, gammafunk_ghost_mausoleum,
          uniq_terence

Skill      XL: |  1  2  3  4 |
---------------+-------------+-----
Ranged Weapons | 6 7 8 |  8.4
Fighting       | |  1.5
Dodging        | |  2.5
Stealth        | |  1.2

Action                     |  1- 3 |  4- 6 || total
---------------------------+-------+-------++-------
   Fire: Shortbow          |    71 |    46 ||   117
    Use: Scroll            |     6 |       ||     6
         Potion            |       |     1 ||     1
 Armour: Leather armour    |    22 |       ||    22
         Ring mail         |       |    20 ||    20
  Dodge: Dodged            |    13 |    13 ||    26

Table legend:
 A = Non-vault XP
 B = Vault XP
 C = Vault XP percentage of total XP
 D = Non-vault monster count
 E = Vault monster count
 F = Vault count percentage of total count
                 A         B        C        D         E       F
            +---------+---------+-------+---------+---------+-------
      Total |     206 |       0 |   0.0 |      35 |       0 |   0.0
            +---------+---------+-------+---------+---------+-------
        D:1 |      26 |       0 |   0.0 |       9 |       0 |   0.0
        D:2 |      70 |       0 |   0.0 |      16 |       0 |   0.0
        D:3 |     110 |       0 |   0.0 |      10 |       0 |   0.0
            +---------+---------+-------+---------+---------+-------
